AoeStats
← ska_18

Arena

505273462Analyzed
3v3 RM · 24d ago on Sep 8, 2026· 26m 55s· 6 players
Game mode
Random Map
Map size
Normal (6 player)
Population
200
Speed
Normal
Resources
Standard
Victory
Conquest
Starting age
Dark Age
Ending age
Imperial Age
RankedLock teamsTeams togetherTeam positionsShared explorationLock speedFull tech treeHidden civsTurbo modeCheats
Victory
Defeat
🇪🇸 Burgundians · Spain
1053
+13
🇺🇾 Turks · Uruguay
1035
+14
🇬🇧 Persians · United Kingdom
926
+19
🇸🇦 Portuguese · Saudi Arabia
1008
-16
🇦🇹 Saracens · Austria
995
-16
🇩🇪 Bulgarians · Germany
964
-14
ska_18
10:28 Feudal Age
13:22 Double-Bit Axe
16:10 Castle Age
14:15 Horse Collar
14:48 Gold Mining
16:03 Loom
16:15 Loom
17:17 Bow Saw
18:50 Wheelbarrow
20:39 Forging
20:57 Scale Barding Armor
21:16 Stone Mining
23:30 Iron Casting
23:35 Bloodlines
24:35 Chain Barding Armor
stk1908
10:17 Feudal Age
14:49 Castle Age
14:50 Double-Bit Axe
15:22 Loom
16:28 Bow Saw
16:34 Horse Collar
18:07 Loom
20:49 Scale Barding Armor
22:10 Heavy Plow
22:34 Forging
22:02 Light Cavalry
22:56 Bloodlines
23:30 Husbandry
24:15 Chain Barding Armor
24:34 Light Cavalry
26:58 Iron Casting
† BigMakh †
11:39 Feudal Age
12:17 Horse Collar
12:23 Double-Bit Axe
19:11 Castle Age
17:09 Stone Mining
17:39 Gold Mining
27:59 Imperial Age
PEPPER MINT FRESH
7:56 Loom
9:44 Feudal Age
10:35 Double-Bit Axe
17:45 Castle Age
21:26 Wheelbarrow
22:15 Loom
23:44 Hand Cart
24:50 Kamandaran
24:45 Fletching
26:24 Bodkin Arrow
27:00 Bow Saw
27:14 Padded Archer Armor
John Kalztan
8:06 Double-Bit Axe
10:46 Horse Collar
13:32 Feudal Age
12:07 Loom
15:58 Bow Saw
17:50 Castle Age
16:38 Heavy Plow
18:08 Wheelbarrow
19:57 Two-Man Saw
20:13 Crop Rotation
21:02 Husbandry
20:23 Cavalier
21:11 Gold Mining
22:23 Scale Barding Armor
23:25 Town Watch
26:24 Chain Barding Armor
Moe
12:21 Feudal Age
14:03 Double-Bit Axe
14:01 Horse Collar
16:49 Castle Age
21:14 Imperial Age
20:15 Wheelbarrow
21:31 Fervor
21:17 Gold Mining
21:40 Bow Saw
Connection lost

Rejoining the realm…

Still unreachable

The connection could not be restored.

Session expired

The server has moved on; the page needs a fresh start.